 Dungeon Crawl Stone Soup version 0.28-a0-1152-g9c71ebef14 (webtiles) character file.

Game seed: 9423363330333560939

30 gimp the Caller (level 3, 0/19 HPs)
             Began as a Tengu Wanderer on Dec 14, 2021.
             Slain by an adder (4 damage)
             ... on level 2 of the Dungeon.
             The game lasted 00:02:57 (1362 turns).

gimp the Caller (Tengu Wanderer)                    Turns: 1362, Time: 00:02:58

Health: 0/19       AC:  2    Str: 13    XL:     3   Next: 18%
Magic:  5/6        EV: 11    Int: 15    God:
Gold:   33         SH:  0    Dex: 11    Spells: 1/5 levels left

rFire   . . .      SeeInvis .   a - +0 dagger
rCold   . . .      Faith    .   (no shield)
rNeg    . . .      Spirit   .   c - +0 robe
rPois   .          Reflect  .   (helmet restricted)
rElec   .          Harm     .   (no cloak)
rCorr   .          Rampage  .   (no gloves)
Will    .....                   (boots unavailable)
Stlth   +.........              (no amulet)
HPRegen 0.06/turn               (no ring)
MPRegen 0.10/turn               (no ring)

@: confused, lethally poisoned (0 -> -3), ambrosia-drunk, very slightly
contaminated, invisible
A: beak, talons 3
a: no special abilities


You were on level 2 of the Dungeon.
You visited 1 branch of the dungeon, and saw 2 of its levels.

You collected 33 gold pieces.

Inventory:

Hand Weapons
 a - a +0 dagger (weapon)
Missiles
 b - 11 poisoned darts (quivered)
 d - 4 stones
Armour
 c - a +0 robe (worn)
Scrolls
 e - a scroll of summoning {unknown}
 h - a scroll of identify {unknown}


   Skills:
 - Level 2.0 Throwing
 + Level 1.5 Spellcasting
 * Level 1.5 Conjurations
 - Level 4.8 Summonings
 - Level 3.2 Necromancy
 + Level 1.3 Earth Magic


You had one spell level left.
You knew the following spells:

 Your Spells              Type           Power      Damage    Failure   Level
a - Sandblast             Erth           10%        2d5       14%         1
b - Stone Arrow           Conj/Erth      10%        3d7       36%         3

Your spell library contained the following spells:

 Spells                   Type           Power      Damage    Failure   Level
 Animate Skeleton         Necr           22%        N/A       6%          1
 Pain                     Necr           44%        1d6       6%          1
 Vampiric Draining        Necr           11%        2d6       19%         3
 Animate Dead             Necr           5%         N/A       52%         4
 Agony                    Necr           11%        N/A       86%         5


Dungeon Overview and Level Annotations

Branches:
Dungeon (2/15)

Altars:


Innate Abilities, Weirdness & Mutations

You have a beak for a mouth.
You have claws for feet.


Message History

Press: ? - help, Shift-Dir - straight line, f/p - adder
Aim: an adder (lightly wounded, 63% to hit)
The blast of sand hits the adder but does no damage.
The adder is lightly wounded.
d - 6 stones You feel sick.
The adder bites you. x2
You take 5 damage, and have 6/19 hp.
MASSIVE DAMAGE!!
You now have 3/6 mp.
Casting: Sandblast (safe; 14% risk of failure)
Confirm with . or Enter, or press ? or * to list all spells.
Aiming: Sandblast (safe; 14% risk of failure)
Press: ? - help, Shift-Dir - straight line, f/p - adder
Aim: an adder (lightly wounded, 63% to hit)
The blast of sand hits the adder.
The adder is moderately wounded.
d - 5 stones You feel sick.
The adder bites you.
* * * LOW HITPOINT WARNING * * *
You are lethally poisoned!
The adder poisons you!
You take 2 damage, and have 4/19 hp.
You now have 2/6 mp.
Casting: Sandblast (safe; 14% risk of failure)
Confirm with . or Enter, or press ? or * to list all spells.
Aiming: Sandblast (safe; 14% risk of failure)
Press: ? - help, Shift-Dir - straight line, f/p - adder
Aim: an adder (moderately wounded, 63% to hit)
The blast of sand misses the adder.
d - 4 stones
* * * LOW HITPOINT WARNING * * *
You feel sick. The adder barely misses you.
You take 2 damage, and have 2/19 hp.
You now have 1/6 mp.
It was a potion of invisibility.
You fade into invisibility!
* * * LOW HITPOINT WARNING * * *
You feel sick. The adder bites you but does no damage.
It was a potion of ambrosia.
You are confused.
You feel invigorated.
* * * LOW HITPOINT WARNING * * *
You feel sick. The adder bites you.
You die...

...................#
..)<.....#.#.......#
<..............#####
.#............)#...#
.##...♣♣.......#.>.#
.#.............#...#
.#...♣♣.♣......#...#
.....♣.......###.S.###
..............†.@⌠...+
.. .........##.....##
#######..##...## #..
##.## #... .# #.#. .#
..#.. .. ## .#


You could see an adder.

Vanquished Creatures
  A dart slug (D:1)
  2 bats
  2 endoplasms (D:1)
  2 giant cockroaches (D:1)
  3 hobgoblins (D:1)
  4 jackals (D:1)
  2 ball pythons (D:1)
  3 frilled lizards (D:1)
  3 kobolds
  3 rats
25 creatures vanquished.

Notes
Turn   | Place    | Note
-------+----------+-------------------------------------------
     0 | D:1      | gimp the Tengu Wanderer began the quest for the Orb.
     0 | D:1      | gimp set off with the following items: a +0 dagger, 11
                  | poisoned darts, a +0 robe; and the following spells
                  | available to memorise: Animate Skeleton, Pain, Sandblast,
                  | Vampiric Draining, Animate Dead, Stone Arrow, Agony
     0 | D:1      | Reached XP level 1. HP: 10/10 MP: 3/3
     2 | D:1      | Learned a level 1 spell: Sandblast
   120 | D:1      | Reached XP level 2. HP: 11/15 MP: 4/4
   399 | D:1      | Reached skill level 1 in Conjurations
   494 | D:1      | Reached skill level 1 in Earth Magic
   852 | D:1      | Reached XP level 3. HP: 11/19 MP: 6/6
  1020 | D:1      | Found a faded altar of an unknown god.
  1287 | D:2      | Learned a level 3 spell: Stone Arrow
  1362 | D:2      | Slain by an adder

Illustrated notes

Levels and vault maps discovered:
D:1:      sevenhm_arrival_forest_fort_small_3, layout_rooms,
          dilly_ecumenical_altar_fadedgnrine
D:2:      layout_rooms, serial_co_window_serial, co_window_of_opportunity_a,
          co_window_corner_a, co_window_paths_b, co_window_corner_a,
          co_window_corner_a, co_window_cross_4, co_window_unsneaky_path_c,
          co_window_corner_cb, co_window_broadway_c, co_window_paths_e,
          co_window_paths_d, chequers_garden, grunt_ministairs_14, uniq_sigmund,
          uniq_crazy_yiuf_cottage

Skill      XL: |  1  2 |
---------------+-------+-----
Conjurations   | 1 |  1.5
Earth Magic    | 1 |  1.3
Throwing       | |  2.0
Spellcasting   | |  1.5
Summonings     | |  4.8
Necromancy     | |  3.2

Action                   || total
-------------------------++-------
Melee: Dagger            ||    48
       Peck              ||    12
       Kick              ||    12
 Cast: Sandblast         ||    16
  Use: Potion            ||     2
 Stab: Sleeping          ||     2
Armor: Robe              ||    13
Dodge: Dodged            ||    31

Table legend: (Time is in decaauts)
 A = Elapsed time spent in this place.
 B = Non-inter-level travel time spent in this place.
 C = Inter-level travel time spent in this place.
 D = Time resting spent in this place.
 E = Time spent auto-exploring this place.
 F = Levels seen in this place.
 G = Mean time per level.
                   A        B        C        D        E       F      G
               +--------+--------+--------+--------+--------+-----+--------+
         Total |   1362 |   1352 |     10 |    203 |    918 |   2 |  681.0 |
       Dungeon |   1362 |   1352 |     10 |    203 |    918 |   2 |  681.0 |
               +--------+--------+--------+--------+--------+-----+--------+

Top non-repeatable levels by time:
     D:1: 1271 daAuts
     D:2: 91 daAuts
